 Dungeon Crawl Stone Soup version 0.21-a0-434-g806c6c2 (webtiles) character file.

304 dricus the Changer (level 6, -4/51 HPs)
             Began as a Merfolk Transmuter on Nov 8, 2017.
             Was an Initiate of Okawaru.
             Slain by a phantom (7 damage)
             ... on level 6 of the Dungeon.
             The game lasted 00:10:13 (4737 turns).

dricus the Changer (Merfolk Transmuter)             Turns: 4737, Time: 00:10:13

Health: -4/51      AC:  5    Str: 10    XL:     6   Next: 38%
Magic:  8/11       EV: 11    Int: 15    God:    Okawaru [......]
Gold:   155        SH:  0    Dex: 14    Spells: 2/12 levels left

rFire    x . .     SeeInvis .     - Unarmed
rCold    + + +     Gourm    .   (shield currently unavailable)
rNeg     . . .     Faith    .   (armour currently unavailable)
rPois    +         Spirit   .   (helmet currently unavailable)
rElec    .         Reflect  .   (cloak currently unavailable)
rCorr    .         Harm     .   (gloves currently unavailable)
MR       .....                  (boots currently unavailable)
Stlth    +.........             (no amulet)
HPRegen  0.17/turn              j - ring of wizardry
MPRegen  0.12/turn              p - ring of flight

@: ice-form
A: (change form in water), (swift swim), (stealthy swim)
a: End Transformation, Renounce Religion, Evoke Flight


You were on level 6 of the Dungeon.
You worshipped Okawaru.
Okawaru was noncommittal.
You were not hungry.
You were a creature of crystalline ice.
You visited 1 branch of the dungeon, and saw 4 of its levels.

You collected 155 gold pieces.

Inventory:

Hand Weapons
 a - a +0 hunting sling
Missiles
 e - 32 sling bullets
 l - 107 stones (quivered)
 A - 12 arrows
Armour
 b - a +0 robe (melded)
 m - a +0 helmet
 o - a +0 cloak (melded)
 s - a +0 pair of gloves (melded)
 v - +0 pearl dragon scales
Jewellery
 j - a ring of wizardry (left front paw)
 p - a ring of flight (right front paw)
 C - an uncursed amulet of harm {unknown}
Wands
 h - a wand of paralysis (13/24)
 u - a wand of polymorph (13/24)
 y - a wand of digging (11/24)
Scrolls
 f - a scroll of enchant weapon {unknown}
 i - a scroll of noise {unknown}
 k - 3 scrolls of remove curse
 r - a scroll of enchant armour {unknown}
 t - a scroll of amnesia {unknown}
 w - a scroll of teleportation
 E - 2 scrolls of identify
Potions
 g - a potion of resistance
 n - a potion of brilliance {unknown}
 q - a potion of flight {unknown}
 D - a potion of magic {unknown}
Books
 c - a book of Changes

   Spells                             Type                      Level
   a - Beastly Appendage              Transmutation                1
   b - Sticks to Snakes               Transmutation                2
   c - Spider Form                    Transmutation/Poison         3
   d - Ice Form                       Ice/Transmutation            4
   e - Blade Hands                    Transmutation                5
Comestibles
 d - a bread ration
 B - 2 fruits


   Skills:
 - Level 1.1 Fighting
 - Level 2.6 Dodging
 + Level 4.0 Unarmed Combat
 + Level 3.5 Spellcasting
 * Level 6.9 Transmutations


You had 2 spell levels left.
You knew the following spells:

 Your Spells              Type           Power        Failure   Level  Hunger
a - Beastly Appendage     Tmut           ###...       1%          1    None
b - Sticks to Snakes      Tmut           ###.....     1%          2    ##.....
c - Spider Form           Tmut/Pois      ##........   6%          3    ###....
d - Ice Form              Ice/Tmut       ##......     17%         4    ####...


Dungeon Overview and Level Annotations

Branches:
Dungeon (3/15)

Altars:
Okawaru
The Shining One


Message History

A phantom is nearby!
Okay, then.
Unknown command.
Unknown command.
Okay, then.
Casting: Spider Form
Confirm with . or Enter, or press ? or * to list all spells.
You turn into a creature of crystalline ice.
Your +0 cloak melds into your body.
Your +0 pair of gloves melds into your body.
Your +0 robe melds into your body.
The phantom blinks!
You completely miss the phantom.
The phantom is severely damaged.
The phantom hits you!
* * * LOW HITPOINT WARNING * * *
You barely miss the phantom.
The phantom is severely damaged.
The phantom hits you!
You die...

## . ###.## #. #
..# ##....# #..
# ....###Y....##
#..# ##
.......W.....###
....##.
................
.......
................
##....
..!.............
###..
................
..###..
..............#.
.......
............###
.....##
.......?..###
#...# #


You could see a phantom.

Vanquished Creatures
  A necrophage (D:3)
  Ijyb (D:3)
  Robin (D:2)
  4 gnolls (D:2)
  3 adders (D:2)
  A shadow imp (D:6)
  3 oozes
  4 leopard geckos
  An orc (D:3)
  6 bats
  A giant cockroach (D:1)
  18 goblins
  13 hobgoblins
  6 jackals
  7 kobolds
  2 quokkas (D:3)
  4 frilled lizards
  A leopard gecko skeleton (D:6)
  13 rats
90 creatures vanquished.

Notes
Turn   | Place    | Note
-------+----------+-------------------------------------------
     0 | D:1      | dricus the Merfolk Transmuter began the quest for the Orb.
     0 | D:1      | Reached XP level 1. HP: 15/15 MP: 3/3
   109 | D:1      | Reached skill level 3 in Transmutations
   167 | D:1      | Reached XP level 2. HP: 21/21 MP: 3/5
   171 | D:1      | Learned a level 2 spell: Sticks to Snakes
   369 | D:1      | Reached skill level 4 in Transmutations
   549 | D:1      | Reached XP level 3. HP: 16/26 MP: 4/6
   942 | D:1      | Learned a level 3 spell: Spider Form
  1760 | D:2      | Reached XP level 4. HP: 25/32 MP: 5/8
  1874 | D:2      | Reached skill level 5 in Transmutations
  3026 | D:2      | Reached XP level 5. HP: 10/37 MP: 6/9
  3677 | D:3      | Found an iron altar of Okawaru.
  3739 | D:3      | Became a worshipper of Warmaster Okawaru
  3763 | D:3      | Noticed Ijyb
  3770 | D:3      | Killed Ijyb
  3770 | D:3      | Reached skill level 6 in Transmutations
  3816 | D:3      | Noticed Robin
  4191 | D:2      | Killed Robin
  4401 | D:3      | Learned a level 4 spell: Ice Form
  4446 | D:3      | Found a glowing golden altar of the Shining One.
  4515 | D:3      | Noticed a necrophage
  4522 | D:3      | Killed a necrophage
  4522 | D:3      | Reached XP level 6. HP: 43/43 MP: 1/11
  4659 | D:3      | You fall through a shaft for 3 floors!
  4659 | D:6      | Noticed a phantom
  4687 | D:6      | Noticed a hippogriff
  4737 | D:6      | Slain by a phantom

Vault maps used:
D:1:      sevenhm_arrival_forest_fort_large_2, st_stairs_1
D:2:      minmay_door_path, first_bread, minmay_misc_feat_cross
D:3:      okawaru_metal_pillars_1_2, nicolae_tso_carved_into_rock, uniq_ijyb,
          uniq_robin
D:6:      cheibrodos_fzero, nicolae_overflow_hidden_temple

Skill      XL: |  1  2  3  4  5 |
---------------+----------------+-----
Transmutations | 3 4 5 6 |  6.9
Spellcasting   | 3 |  3.5
Unarmed Combat | 4 |  4.0
Fighting       | |  1.1
Dodging        | |  2.6

Action                   |  1- 3 |  4- 6 || total
-------------------------+-------+-------++-------
Melee: Unarmed           |   138 |   209 ||   347
       Headbutt          |    12 |    16 ||    28
       Punch             |     1 |     1 ||     2
Throw: Stone             |       |     1 ||     1
 Cast: Beastly Appendage |    19 |    19 ||    38
       Spider Form       |       |     8 ||     8
       Ice Form          |       |     2 ||     2
  Use: Scroll            |       |     4 ||     4
       Potion            |       |     2 ||     2
 Stab: Sleeping          |       |     1 ||     1
  Eat: Chunk             |     3 |     7 ||    10
       Bread ration      |       |     1 ||     1
Armor: Robe              |    14 |    41 ||    55
       Skin              |       |     3 ||     3
Dodge: Dodged            |    91 |   179 ||   270

Table legend:
 A = Spawn XP
 B = Non-spawn XP
 C = Spawn XP percentage of total XP
 D = Spawn monster count
 E = Non-spawn monster count
 F = Spawn count percentage of total count
 G = Total turns spent on level
                    A         B        C        D         E        F      G
               +---------+---------+-------+---------+---------+-------+---------
         Total |       0 |     435 |   0.0 |       0 |      90 |   0.0 |  4737
               +---------+---------+-------+---------+---------+-------+---------
           D:1 |       0 |      59 |   0.0 |       0 |      30 |   0.0 |  2346
           D:2 |       0 |     164 |   0.0 |       0 |      36 |   0.0 |  1686
           D:3 |       0 |     200 |   0.0 |       0 |      22 |   0.0 |   627
           D:6 |       0 |      12 |   0.0 |       0 |       2 |   0.0 |    78
               +---------+---------+-------+---------+---------+-------+---------
